 Dungeon Crawl Stone Soup version 0.31-b1-22-gc680215f68 (webtiles) character file.

Game seed: 4997290974491911838

3315 monsoonserge the Grappler (level 10, -9/76 HPs)
             Began as a Gnoll Shapeshifter on Jan 18, 2024.
             Was a Believer of Okawaru.
             Mangled by a two-headed ogre
             ... wielding a +0 giant spiked club
              (28 damage)
             ... on level 8 of the Dungeon.
             The game lasted 00:22:21 (7543 turns).

monsoonserge the Grappler (Gnoll Shapeshifter)      Turns: 7543, Time: 00:22:23

Health: -9/76      AC:  2    Str: 17    XL:     10   Next: 1%
Magic:  15/17      EV: 21    Int: 10    God:    Okawaru [**....]
Gold:   343        SH:  0    Dex: 12    Spells: 19/19 levels left

rFire   . .          .
                       - Unarmed
rCold   . . .        (shield currently unavailable)
rNeg    . . .        a - melded +0 animal skin
rPois   .            (no helmet)
rElec   .            C - scarf {shadows}
rCorr   .            t - +1 pair of gloves
SInv    .            (no boots)
Will    .....        (no amulet)
Stlth   ++           y - ring of Shadows {Umbra +Inv Stlth+}
HPRegen 0.32/turn    (no ring)
MPRegen 0.15/turn

%: no passive effects
@: flux-form, heroic, glowing
A: glow, contaminating, fangs 1, strong nose, distributed training
a: Begin Untransformation, Renounce Religion, Evoke Invisibility, Heroism


You were on level 8 of the Dungeon.
You worshipped Okawaru.
Okawaru was pleased with you.
You were something dangerously unstable.
You visited 2 branches of the dungeon, and saw 9 of its levels.

You collected 343 gold pieces.

Inventory:

Hand Weapons
 E - a +4 dagger of distortion
 F - a +2 dagger of speed
Missiles
 e - 3 javelins
 n - 18 poisoned darts (quivered)
 w - a throwing net
Armour
 a - a +0 animal skin (melded)
 g - an orb of guile
 h - a +0 kite shield
 r - an orb of energy
 t - a +1 pair of gloves (worn)
 A - the +0 leather armour of Tartarus {Harm rC+ Dex-4}
   (You found it on level 6 of the Dungeon)

   Dex-4:     It affects your dexterity (-4).
   rC+:       It protects you from cold.
   Harm:      It increases damage dealt and taken.
 C - a scarf of shadows (worn)
 D - +0 steam dragon scales
Jewellery
 y - the ring of Shadows (left hand) {Umbra +Inv Stlth+}
   (You found it on level 5 of the Dungeon)

   [ring of stealth]

   Umbra:     It surrounds you with an aura of shadow, increasing your stealth
   and reducing the accuracy of all others within it.
   +Inv:      It lets you turn invisible.
   Stlth+:    It makes you more stealthy.
Talismans
 c - a beast talisman
 d - a flux talisman (active)
Wands
 m - a wand of flame (26)
 o - a wand of acid (2)
 z - a wand of paralysis (5)
Scrolls
 f - a scroll of fog
 k - a scroll of blinking
 l - a scroll of enchant weapon {unknown}
 q - a scroll of revelation {unknown}
 s - a scroll of fear {unknown}
 u - a scroll of poison {unknown}
 v - 5 scrolls of teleportation {unknown}
 B - a scroll of butterflies {unknown}
Potions
 b - 3 potions of lignification
 i - 3 potions of curing
 j - 3 potions of cancellation
 p - 4 potions of enlightenment {unknown}
 x - 3 potions of heal wounds
 G - a potion of invisibility {unknown}
 H - a potion of might {unknown}
 I - a potion of mutation {unknown}


   Skills:
 + Level 5.7(10.7) Fighting
 + Level 5.0(10.0) Short Blades
 + Level 5.0(10.0) Long Blades
 + Level 5.0(10.0) Axes
 + Level 5.0(10.0) Maces & Flails
 + Level 5.0(10.0) Polearms
 + Level 5.0(10.0) Staves
 + Level 5.0(10.0) Ranged Weapons
 + Level 5.0(10.0) Throwing
 + Level 5.0(10.0) Armour
 + Level 6.8(11.8) Dodging
 + Level 5.0(10.0) Stealth
 + Level 5.0(10.0) Shields
 + Level 8.3(13.3) Unarmed Combat
 + Level 5.0 Spellcasting
 + Level 4.1 Conjurations
 + Level 4.1 Hexes
 + Level 4.1 Summonings
 + Level 4.1 Necromancy
 + Level 4.1 Translocations
 + Level 4.1 Fire Magic
 + Level 4.1 Ice Magic
 + Level 4.1 Air Magic
 + Level 4.1 Earth Magic
 + Level 4.1 Alchemy
 + Level 5.5 Invocations
 + Level 5.0 Evocations
 + Level 8.0 Shapeshifting


You had 19 spell levels left.
You didn't know any spells.
Your spell library contained the following spells:

 Spells                   Type           Power      Damage    Failure   Level
 Kiss of Death            Conj/Necr      40%        2d8       4%          1
 Slow                     Hex            40%        N/A       4%          1
 Cigotuvi's Dreadful Rot  Necr/Alch/Air  20%        N/A       6%          2
 Confusing Touch          Hex            10%        N/A       13%         3
 Sigil of Binding         Hex            10%        N/A       13%         3
 Vampiric Draining        Necr           10%        2d6       13%         3
 Dispel Undead            Necr           10%        3d9       38%         4
 Ignite Poison            Fire/Alch      10%        N/A       38%         4
 Freezing Cloud           Conj/Ice/Air   5%         6-21      75%         5


Dungeon Overview and Level Annotations

Branches:
Dungeon (8/15)             Temple (1/1) D:4
   Lair: D:8-11

Altars:
Ashenzari
Cheibriados
Dithmenos
Elyvilon
Fedhas
Gozag
Hepliaklqana
Kikubaaqudgha
Nemelex Xobeh
Okawaru
Qazlal
Ru
Sif Muna
Trog
Uskayaw
Vehumet
Xom
Yredelemnul
Zin
The Shining One

Annotations:
D:3 dig for $


Innate Abilities, Weirdness & Mutations

You are something dangerously unstable.
You glow with magical radiation, making you easy to see and hit.
Foes you strike become dangerously contaminated with magical radiation.
You are incapable of wielding weapons or throwing items.
You have very sharp teeth.
Your uncanny sense of smell can sniff out nearby items.
Your experience applies equally to all skills.


Message History

You barely miss the basilisk.
The basilisk is almost dead.
The basilisk misses you.
You punch the basilisk!
You kill the basilisk!
Okawaru accepts your kill.
Your Short Blades skill increases to level 5!
Your Long Blades skill increases to level 5!
Your Axes skill increases to level 5!
Your Maces & Flails skill increases to level 5!
Your Polearms skill increases to level 5!
Your Staves skill increases to level 5!
Your Ranged Weapons skill increases to level 5!
Your Throwing skill increases to level 5!
Your Armour skill increases to level 5!
Your Stealth skill increases to level 5!
Your Shields skill increases to level 5!
Your Spellcasting skill increases to level 5!
Your Evocations skill increases to level 5!
You have reached level 10!
You barely miss the steam dragon. The steam dragon breathes steam at you.
The ball of steam misses you.
You punch the steam dragon!
The steam dragon begins to glow.
The steam dragon is moderately wounded.
You are engulfed in a cloud of scalding steam.
The steam dragon bites you! The steam dragon misses you.
You hit the steam dragon.
The steam dragon glows dangerously bright.
The steam dragon is moderately wounded.
You are engulfed in a cloud of scalding steam.
The steam dragon closely misses you. The steam dragon misses you.
You gain the combat prowess of a mighty hero.
You are engulfed in a cloud of scalding steam.
A komodo dragon comes into view.
The steam dragon bites you!
* * * LOW HITPOINT WARNING * * *
The steam dragon misses you.
The two-headed ogre hits you with a +0 giant spiked club!!
You die...

### #### ## #######.####..##.#
##..........##.#.# ##
#....###........###..#
..###.###..†..§§...$#.. ###
### #######§pD..... #
#§##O....# ..# #....l ###
.##.. ∆ # # #########
########## ##
###.......####.#......####.##
..#.......#..........[..#...#
#.....................).##..##


You could see a two-headed ogre, a komodo dragon (wandering) and a steam dragon
(heavy contam).

Vanquished Creatures
  A komodo dragon (D:6)
  Psyche (D:8)
  2 wyverns (D:7)
  2 basilisks (D:8)
  A steam dragon (D:8)
  3 water moccasins
  An orc warrior (D:8)
  3 ice beasts
  A black bear (D:4)
  2 sky beasts (D:7)
  An ogre (D:5)
  2 bullfrogs
  Blork the orc (D:6)
  2 jellies
  2 howler monkeys
  3 bombardier beetles
  A hound (D:5)
  An orc priest (D:3)
  2 gnoll boudas
  5 iguanas
  3 orc wizards
  10 gnolls
  7 adders
  A white imp (D:6)
  2 ufetubi (D:6)
  3 dart slugs
  3 ribbon worms
  20 orcs
  9 ball pythons
  7 bats
  13 endoplasms
  6 giant cockroaches
  4 hobgoblins
  13 jackals
  4 quokkas
  A frilled lizard (D:2)
  9 goblins
  8 kobolds
  4 rats
164 creatures vanquished.

Notes
Turn   | Place    | Note
-------+----------+-------------------------------------------
     0 | D:1      | monsoonserge the Gnoll Shapeshifter began the quest for the
                  | Orb.
     0 | D:1      | Reached XP level 1. HP: 17/17 MP: 1/1
    24 | D:1      | Noticed a minotaur skeleton
    24 | D:1      | Noticed a minotaur skeleton
    76 | D:1      | Reached XP level 2. HP: 21/23 MP: 2/2
   389 | D:1      | Reached XP level 3. HP: 24/28 MP: 3/3
   685 | D:2      | Reached skill level 1 in Invocations
   750 | D:2      | Reached skill level 1 in Short Blades
   750 | D:2      | Reached skill level 1 in Long Blades
   750 | D:2      | Reached skill level 1 in Axes
   750 | D:2      | Reached skill level 1 in Maces & Flails
   750 | D:2      | Reached skill level 1 in Polearms
   750 | D:2      | Reached skill level 1 in Staves
   750 | D:2      | Reached skill level 1 in Ranged Weapons
   750 | D:2      | Reached skill level 1 in Throwing
   750 | D:2      | Reached skill level 1 in Armour
   750 | D:2      | Reached skill level 1 in Stealth
   750 | D:2      | Reached skill level 1 in Shields
   750 | D:2      | Reached skill level 1 in Spellcasting
   750 | D:2      | Reached skill level 1 in Evocations
  1115 | D:2      | Reached XP level 4. HP: 32/34 MP: 5/5
  1328 | D:2      | Found a shadowy altar of Dithmenos.
  1387 | D:2      | Reached skill level 1 in Conjurations
  1387 | D:2      | Reached skill level 1 in Hexes
  1387 | D:2      | Reached skill level 1 in Summonings
  1387 | D:2      | Reached skill level 1 in Necromancy
  1387 | D:2      | Reached skill level 1 in Translocations
  1387 | D:2      | Reached skill level 1 in Fire Magic
  1387 | D:2      | Reached skill level 1 in Ice Magic
  1387 | D:2      | Reached skill level 1 in Air Magic
  1387 | D:2      | Reached skill level 1 in Earth Magic
  1387 | D:2      | Reached skill level 1 in Alchemy
  1763 | D:3      | Found a sacrificial altar of Ru.
  1763 | D:3      | Found a radiant altar of Vehumet.
  1773 | D:3      | Became a worshipper of Ru the Awakened
  1796 | D:3      | Reached XP level 5. HP: 28/40 MP: 5/7
  1850 | D:3      | Found a shadowy altar of Dithmenos.
  1924 | D:3      | Found a faded altar of an unknown god.
  1940 | D:3      | HP: 1/39 [orc priest/divine providence (12)]
  2576 | D:3      | Found a sparkling altar of Nemelex Xobeh.
  2718 | D:3      | Found a glowing silver altar of Zin.
  2819 | D:4      | Reached XP level 6. HP: 21/47 MP: 8/8
  2968 | D:4      | Reached skill level 5 in Dodging
  3051 | D:4      | Noticed a black bear
  3059 | D:4      | Killed a black bear
  3141 | D:4      | Found a blossoming altar of Fedhas.
  3195 | D:4      | Found a staircase to the Ecumenical Temple.
  3204 | Temple   | Entered the Ecumenical Temple
  3545 | D:4      | Noticed a water moccasin
  3565 | D:3      | Killed a water moccasin
  3566 | D:3      | Reached XP level 7. HP: 20/52 MP: 10/10
  3854 | D:5      | Entered Level 5 of the Dungeon
  3886 | D:5      | Found the ring of Shadows {Umbra +Inv Stlth+}
  4287 | D:5      | Reached XP level 8. HP: 60/60 MP: 12/12
  4660 | D:6      | Found a bloodstained altar of Trog.
  4726 | D:6      | Identified the +0 leather armour of Tartarus {Harm rC+
                  | Dex-4}
  5211 | D:6      | Noticed Blork the orc
  5222 | D:6      | Killed Blork the orc
  5414 | D:6      | Noticed a komodo dragon
  5424 | D:6      | Killed a komodo dragon
  5901 | D:7      | Found a snail-covered altar of Cheibriados.
  5977 | D:7      | Found an opulent altar of Gozag.
  6042 | D:7      | Noticed a wyvern
  6053 | D:7      | Killed a wyvern
  6054 | D:7      | Reached XP level 9. HP: 56/67 MP: 13/15
  6151 | Temple   | Fell from the grace of Ru
  6151 | Temple   | Became a worshipper of Warmaster Okawaru
  6310 | D:7      | Reached skill level 5 in Fighting
  6669 | D:7      | Reached * piety under Okawaru
  6742 | D:8      | Noticed a two-headed ogre
  6893 | D:8      | Reached skill level 5 in Invocations
  7161 | D:8      | Noticed Psyche
  7167 | D:8      | Killed Psyche
  7434 | D:8      | Reached ** piety under Okawaru
  7540 | D:8      | Reached skill level 5 in Short Blades
  7540 | D:8      | Reached skill level 5 in Long Blades
  7540 | D:8      | Reached skill level 5 in Axes
  7540 | D:8      | Reached skill level 5 in Maces & Flails
  7540 | D:8      | Reached skill level 5 in Polearms
  7540 | D:8      | Reached skill level 5 in Staves
  7540 | D:8      | Reached skill level 5 in Ranged Weapons
  7540 | D:8      | Reached skill level 5 in Throwing
  7540 | D:8      | Reached skill level 5 in Armour
  7540 | D:8      | Reached skill level 5 in Stealth
  7540 | D:8      | Reached skill level 5 in Shields
  7540 | D:8      | Reached skill level 5 in Spellcasting
  7540 | D:8      | Reached skill level 5 in Evocations
  7540 | D:8      | Reached XP level 10. HP: 56/76 MP: 17/17
  7543 | D:8      | Mangled by a two-headed ogre

Illustrated notes

Levels and vault maps discovered:
D:1:      shiori_arrival_whats_in_store_for_you, layout_basic
D:2:      layout_loops_corners, basic_altar, roderic_lattice_a
D:3:      layout_loops_ring, zin_treasury, nemelex_dance_club_becter,
          nicolae_overflow_two_pavilions, mainiacjoe_overflow_cross_hatched,
          ebering_ecumenical_altar_ruins
D:4:      layout_basic, mainiacjoe_overflow_brackets, minmay_temple_entry_ruins,
          minmay_divided_ellipse
D:5:      wander_river, layout_rooms
D:6:      layout_basic, lemuel_round_altar, minmay_microvault,
          uniq_blork_the_orc
D:7:      layout_cave_pools, grunt_gozag_breadcrumbs, chei_slow_surprise,
          serial_column_ruins, column_ruins_corridor_straight,
          column_ruins_columns_straight, column_ruins_columns_corner,
          column_ruins_grid_1
D:8:      layout_cave_pools, erik_lair_dragon, uniq_psyche
Temple:   jpeg_temple_clearing

Skill      XL: |  1  2  3  4  5  6  7  8  9 |
---------------+----------------------------+-----
Invocations    | 1 2 3 4 5 |  5.5
Short Blades   | 1 2 3 4 5 |  5.0
Long Blades    | 1 2 3 4 5 |  5.0
Axes           | 1 2 3 4 5 |  5.0
Maces & Flails | 1 2 3 4 5 |  5.0
Polearms       | 1 2 3 4 5 |  5.0
Staves         | 1 2 3 4 5 |  5.0
Ranged Weapons | 1 2 3 4 5 |  5.0
Throwing       | 1 2 3 4 5 |  5.0
Armour         | 1 2 3 4 5 |  5.0
Stealth        | 1 2 3 4 5 |  5.0
Shields        | 1 2 3 4 5 |  5.0
Spellcasting   | 1 2 3 4 5 |  5.0
Evocations     | 1 2 3 4 5 |  5.0
Conjurations   | 1 2 3 4 |  4.1
Hexes          | 1 2 3 4 |  4.1
Summonings     | 1 2 3 4 |  4.1
Necromancy     | 1 2 3 4 |  4.1
Translocations | 1 2 3 4 |  4.1
Fire Magic     | 1 2 3 4 |  4.1
Ice Magic      | 1 2 3 4 |  4.1
Air Magic      | 1 2 3 4 |  4.1
Earth Magic    | 1 2 3 4 |  4.1
Alchemy        | 1 2 3 4 |  4.1
Fighting       | 3 4 5 |  5.7
Dodging        | 5 6 |  6.8
Unarmed Combat | 7 8 |  8.3
Shapeshifting  | 7 8 |  8.0

Action                     |  1- 3 |  4- 6 |  7- 9 | 10-12 || total
---------------------------+-------+-------+-------+-------++-------
  Melee: Unarmed           |    94 |   172 |   272 |     3 ||   541
         Bite              |     8 |    21 |    38 |       ||    67
 Invoke: Reject Sacrifices |       |     1 |       |       ||     1
         Heroism           |       |       |     1 |     1 ||     2
  Evoke: Wand              |       |     1 |     2 |       ||     3
    Use: Potion            |       |     1 |       |       ||     1
         Scroll            |       |       |     6 |       ||     6
   Stab: Sleeping          |       |       |     3 |       ||     3
 Armour: Skin              |    30 |    48 |    92 |     6 ||   176
  Dodge: Dodged            |    77 |   132 |   198 |     5 ||   412
   Form: Flux              |     2 |       |       |       ||     2
         Beast             |     1 |       |       |       ||     1
